 Dungeon Crawl Stone Soup version 0.24-a0-441-g27f0392e16 (webtiles) character file.

Game seed: 15980024685321322107

445 gruber the Conjurer (level 7, -9/41 HPs)
             Began as an Octopode Conjurer on June 19, 2019.
             Mangled by an orc warrior
             ... wielding a +0 long sword
              (20 damage)
             ... on level 7 of the Dungeon.
             The game lasted 00:05:19 (4280 turns).

gruber the Conjurer (Octopode Conjurer)             Turns: 4280, Time: 00:05:20

Health: -9/41      AC:  1    Str:  7    XL:     7   Next: 3%
Magic:  3/13       EV: 13    Int: 19    God:
Gold:   204        SH:  0    Dex: 13    Spells: 8/14 levels left

rFire    . . .     SeeInvis .   m - +1 dagger (protect)
rCold    . . .     Gourm    .   (no shield)
rNeg     . . .     Faith    .   (helmet restricted)
rPois    .         Spirit   .   (no amulet)
rElec    .         Reflect  .   (no ring)
rCorr    .         Harm     .   (no ring)
MR       .....                  (no ring)
Stlth    +++.......             (no ring)
HPRegen  0.13/turn              (no ring)
MPRegen  0.13/turn              (no ring)
                                (no ring)
                                (no ring)

@: no status effects
A: almost no armour, stealthy swim, amphibious, 8 rings, constrict 8, camouflage
1, gelatinous body 1
a: no special abilities


You were on level 7 of the Dungeon.
You were very hungry.

You visited 1 branch of the dungeon, and saw 6 of its levels.

You collected 204 gold pieces.

Inventory:

Hand Weapons
 l - a +0 mace of protection
 m - a +1 dagger of protection (weapon)
Wands
 k - a wand of iceblast (9)
Scrolls
 a - 2 scrolls of identify {unknown}
 c - 3 scrolls of remove curse {unknown}
 f - a scroll of blinking {unknown}
 j - a scroll of amnesia {unknown}
Potions
 d - 3 potions of lignification {unknown}
 e - a potion of heal wounds {unknown}
 g - a potion of haste {unknown}
 h - a potion of curing {unknown}
 i - a potion of mutation {unknown}
 n - a potion of magic {unknown}
Comestibles
 b - 6 rations


   Skills:
 - Level 2.0 Dodging
 - Level 2.6 Stealth
 * Level 4.1 Spellcasting
 + Level 7.0 Conjurations


You had 8 spell levels left.
You knew the following spells:

 Your Spells              Type           Power        Failure   Level  Hunger
a - Magic Dart            Conj           ####         1%          1    None
b - Searing Ray           Conj           ####..       1%          2    ##.....
c - Dazzling Spray        Conj/Hex       ###...       10%         3    ###....

Your spell library contained the following spells:

 Spells                   Type           Power        Failure   Level  Hunger
 Iskenderun's Mystic Bla  Conj           ####....     8%          4    ####...
 Summon Small Mammal      Summ           #...         14%         1    None
 Call Imp                 Summ           #.......     21%         2    ##.....
 Force Lance              Conj/Tloc      ###.....     32%         4    ####...
 Fulminant Prism          Conj/Hex       ###.......   32%         4    ####...
 Call Canine Familiar     Summ           #.......     38%         3    ###....
 Summon Guardian Golem    Hex/Summ       #.......     38%         3    ###....
 Summon Ice Beast         Ice/Summ       #.......     80%         4    ####...
 Summon Lightning Spire   Summ/Air       #.......     80%         4    ####...


Dungeon Overview and Level Annotations

Branches:
Dungeon (8/15)
 Temple: D:4-7         Lair: D:8-11

Altars:
Nemelex Xobeh


Innate Abilities, Weirdness & Mutations

You cannot wear most types of armour.
You are very stealthy in the water. (Stealth+)
You are amphibious.
You can wear up to eight rings at the same time.
You can use your tentacles to constrict eight enemies at once.
Your skin changes colour to match your surroundings (Stealth+).
Your rubbery body absorbs attacks. (AC +1, EV +1)


Message History

Aiming: Searing Ray (safe; 1% risk of failure)
Press: ? - help, Shift-Dir - straight line, f/p - orc warrior
Aim: an orc warrior, wielding a +0 long sword and wearing a cursed -1 plate armour (heavily wounded)
The searing ray hits the orc warrior!
The orc warrior is severely wounded. (Press . to maintain the ray.)
The orc warrior hits you with a +0 long sword!!
Unknown command.
The searing ray hits the orc warrior.
The orc warrior is severely wounded.
The orc warrior hits you with a +0 long sword!
* * * LOW HITPOINT WARNING * * *
The searing ray hits the orc warrior.
The orc warrior is severely wounded.
The orc warrior barely misses you.
The searing ray hits the orc warrior.
The orc warrior is almost dead.
You finish channeling your searing ray.
The orc warrior hits you with a +0 long sword!!
You die...

#.##...#
#.##...###
#........#####
#.............
#........####.
#.##...### #.
#.##...# #.
#######.######
#. #..@o...#
#.
#.############
#.
#>...........#
#. #########
############.#
#. # #.......#
#.# #. #.
#.......# #(#
#.
#.##.......#
#.# #.
#..........#
#.# #.
...........#
#.# #.


You could see an orc warrior.

Vanquished Creatures
  A sky beast (D:7)
  An ice beast (D:7)
  2 orc priests
  An orc wizard (D:7)
  An iguana (D:7)
  A worker ant (D:8)
  3 adders
  An adder zombie (D:7)
  2 worms
  2 dart slugs
  5 leopard geckos
  5 orcs
  11 bats
  7 giant cockroaches
  10 goblins
  4 hobgoblins
  11 kobolds
  4 quokkas
  A ball python (D:3)
  6 frilled lizards
  7 rats
86 creatures vanquished.

Notes
Turn   | Place    | Note
-------+----------+-------------------------------------------
     0 | D:1      | gruber the Octopode Conjurer began the quest for the Orb.
     0 | D:1      | Reached XP level 1. HP: 11/11 MP: 3/3
   285 | D:1      | Reached XP level 2. HP: 13/17 MP: 1/5
   331 | D:1      | Learned a level 2 spell: Searing Ray
   899 | D:1      | Reached XP level 3. HP: 19/21 MP: 4/6
  1416 | D:2      | Reached skill level 5 in Conjurations
  1665 | D:2      | Reached XP level 4. HP: 26/27 MP: 7/7
  1840 | D:2      | Found a sparkling altar of Nemelex Xobeh.
  2080 | D:3      | Learned a level 3 spell: Dazzling Spray
  2499 | D:3      | Reached XP level 5. HP: 30/31 MP: 4/9
  3308 | D:4      | You fall into a shaft and drop 3 floors!
  3320 | D:7      | Reached skill level 6 in Conjurations
  3329 | D:7      | Noticed an orc warrior
  3351 | D:7      | Noticed an ice beast
  3576 | D:8      | Reached XP level 6. HP: 36/36 MP: 6/11
  3728 | D:8      | Noticed a hungry ghost
  4025 | D:7      | Noticed a sky beast
  4029 | D:7      | Killed a sky beast
  4065 | D:7      | Noticed an ice beast
  4079 | D:7      | Killed an ice beast
  4079 | D:7      | Reached skill level 7 in Conjurations
  4079 | D:7      | Reached XP level 7. HP: 26/41 MP: 4/13
  4280 | D:7      | Mangled by an orc warrior

Levels and vault maps discovered:
D:1:      dpeg_arrival_water_fire, layout_basic
D:2:      layout_loops_ring, nemelex_diamond_rough_becter
D:3:      layout_rooms, serial_glass, glass_columns_a, glass_columns_c
D:4:      layout_gridville, lemuel_doored_altar, biasface_ghost_orc_armoury
D:7:      layout_loops_ring
D:8:      layout_basic, overflow_temple_1_default, lemuel_round_altar,
          chequers_temple_overflow_statue_of_worship, serial_shops,
          nicolae_shop_overgrown_old_shop, uniq_erica, uniq_maurice, uniq_joseph

Skill      XL: |  1  2  3  4  5  6 |
---------------+-------------------+-----
Conjurations   | 5 6 7 |  7.0
Spellcasting   | 3 4 |  4.1
Dodging        | |  2.0
Stealth        | |  2.6

Action                   |  1- 3 |  4- 6 |  7- 9 || total
-------------------------+-------+-------+-------++-------
Melee: Short sword       |    23 |       |       ||    23
       Constrict         |    22 |    19 |       ||    41
       Tentacles         |    12 |     9 |       ||    21
       Unarmed           |     1 |       |       ||     1
       Mace              |    48 |    61 |       ||   109
       Dagger            |       |    11 |       ||    11
 Cast: Magic Dart        |    23 |    10 |     2 ||    35
       Searing Ray       |     1 |    13 |     3 ||    17
 Stab: Sleeping          |     8 |     4 |       ||    12
       Distracted        |       |     1 |       ||     1
  Eat: Chunk             |     2 |     8 |       ||    10
Armor: Skin              |     8 |     7 |       ||    15
Dodge: Dodged            |    63 |    84 |     1 ||   148

Table legend:
 A = Non-vault XP
 B = Vault XP
 C = Vault XP percentage of total XP
 D = Non-vault monster count
 E = Vault monster count
 F = Vault count percentage of total count
                 A         B        C        D         E       F
            +---------+---------+-------+---------+---------+-------
      Total |     636 |       0 |   0.0 |      86 |       0 |   0.0
            +---------+---------+-------+---------+---------+-------
        D:1 |      40 |       0 |   0.0 |      22 |       0 |   0.0
        D:2 |      71 |       0 |   0.0 |      30 |       0 |   0.0
        D:3 |      94 |       0 |   0.0 |      21 |       0 |   0.0
        D:4 |      20 |       0 |   0.0 |       4 |       0 |   0.0
        D:7 |     377 |       0 |   0.0 |       8 |       0 |   0.0
        D:8 |      34 |       0 |   0.0 |       1 |       0 |   0.0
            +---------+---------+-------+---------+---------+-------
